 Dungeon Crawl Stone Soup version 0.29-a0-617-g7a6b98fccd (webtiles) character file.

Game seed: 2331002198762710588

156383 blackman the Peltast (level 18, -13/138 HPs)
             Began as a Human Delver on June 17, 2022.
             Was the Champion of Okawaru.
             Killed from afar by a salamander tyrant (40 damage)
             ... with a flame surge
             ... on level 4 of the Snake Pit on June 18, 2022.
             The game lasted 02:44:39 (42270 turns).

blackman the Peltast (Human Delver)                Turns: 42270, Time: 02:44:40

Health: -13/138    AC: 39    Str: 25    XL:     18   Next: 30%
Magic:  18/25      EV: 18    Int: 19    God:    Okawaru [******]
Gold:   980        SH: 28    Dex: 19    Spells: 17/17 levels left

rFire   . . .      SeeInvis .   v - +10 morningstar "Eos" {elec, Halo rElec}
rCold   + . .      Faith    .   F - +0 tower shield of Dim Light {Drain rPois Str+6 Int+6}
rNeg    + . .      Spirit   .   s - +12 plate armour "Jaumun" {rN+}
rPois   +          Reflect  +   Q - +1 helmet "Lanlaosti" {Will+ Slay+5}
rElec   +          Harm     .   X - +1 cloak
rCorr   .          Rampage  .   r - +2 pair of gloves "Hielam" {Dex+3}
Will    ++...                   R - +0 pair of boots {Fly}
Stlth   ..........              D - amulet of reflection
HPRegen 0.33/turn               n - ring of Tocaiq {EV+4 Int+2}
MPRegen 0.19/turn               b - ring of poison resistance

@: lethally poisoned (-13 -> -23), heroic, finesse-ful, weakened, flying,
glowing
A: talons 1, cold resistance 1
a: Renounce Religion, Heroism, Finesse, Duel


You were on level 4 of the Snake Pit.
You worshipped Okawaru.
Okawaru was exalted by your worship.
You visited 4 branches of the dungeon, and saw 27 of its levels.
You visited 1 bazaar.
You also visited: Trove and Gauntlet.

You collected 2602 gold pieces.
You spent 1622 gold pieces at shops.

Inventory:

Hand Weapons
 v - the +10 morningstar "Eos" (weapon) {elec, Halo rElec}
   (You found it on level 12 of the Dungeon)

   It occasionally discharges a powerful burst of electricity upon striking a
   foe.
   It grants its wielder a halo, increasing accuracy against those within it.
   rElec:     It insulates you from electricity.
Missiles
 f - 3 atropa-tipped darts
 o - 23 poisoned darts
 x - 7 curare-tipped darts
 H - 11 boomerangs (quivered)
 Z - 9 silver javelins
Armour
 r - the +2 pair of gloves "Hielam" (worn) {Dex+3}
   (You found it in a treasure trove)

   Dex:       It affects your dexterity (+3).
 s - the +12 plate armour "Jaumun" (worn) {rN+}
   (Okawaru gifted it to you on level 13 of the Dungeon)

   rN:        It protects you from negative energy.
 F - the +0 tower shield of Dim Light (worn) {Drain rPois Str+6 Int+6}
   (You found it in a treasure trove)

   Str:       It affects your strength (+6).
   Int:       It affects your intelligence (+6).
   rPois:     It protects you from poison.
   Drain:     It drains your maximum health when unequipped.
 Q - the +1 helmet "Lanlaosti" (worn) {Will+ Slay+5}
   (You found it in a treasure trove)

   Slay:      It affects your accuracy & damage with ranged weapons and melee
   (+5).
   Will:      It increases your willpower.
 R - a +0 pair of boots of flying (worn)
 X - a +1 cloak (worn)
Jewellery
 b - a ring of poison resistance (right hand)
 n - the ring of Tocaiq (left hand) {EV+4 Int+2}
   (You found it on level 3 of the Lair of Beasts)

   [ring of evasion]

   EV:        It affects your evasion (+4).
   Int:       It affects your intelligence (+2).
 t - a ring of protection from fire
 D - an amulet of reflection (around neck)
 K - a ring of willpower
 N - a ring of positive energy
 P - a ring of protection from cold
Wands
 g - a wand of digging (8)
 M - a wand of iceblast (15)
 O - a wand of mindburst (15)
 S - a wand of quicksilver (9)
 Y - a wand of paralysis (15)
Scrolls
 c - 3 scrolls of fog
 e - 5 scrolls of fear
 j - a scroll of teleportation
 l - 3 scrolls of vulnerability
 m - 2 scrolls of blinking
 y - 7 scrolls of enchant weapon
 z - a scroll of poison
 B - 9 scrolls of immolation
 J - 5 scrolls of torment
 L - 3 scrolls of identify
Potions
 a - 2 potions of mutation
 d - 3 potions of brilliance
 h - a potion of might
 i - 3 potions of berserk rage
 k - 4 potions of lignification
 p - a potion of cancellation
 q - 2 potions of flight
 w - 9 potions of curing
 C - 2 potions of invisibility
 E - 2 potions of resistance
 G - 8 potions of attraction
 I - 15 potions of ambrosia
 V - 2 potions of heal wounds
 W - 2 potions of magic
Miscellaneous
 A - a tin of tremorstones (2/2)
 T - a box of beasts
 U - a phial of floods


   Skills:
 - Level 11.1(16.1) Fighting
 - Level 14.1(20.1) Axes
 - Level 9.0(17.6) Maces & Flails
 - Level 12.9(17.9) Throwing
 - Level 9.2(14.2) Armour
 - Level 8.0(13.0) Dodging
 - Level 5.0(10.0) Stealth
 * Level 15.8(20.8) Shields
 + Level 10.3 Invocations


You had 17 spell levels left.
You didn't know any spells.
Your spell library contained the following spells:

 Spells                   Type           Power      Damage    Failure   Level
 Foxfire                  Conj/Fire      0%         2x1d4     97%         1
 Freeze                   Ice            0%         1d3       97%         1
 Magic Dart               Conj           0%         1d3       97%         1
 Necrotize                Necr           0%         1d4       97%         1
 Poisonous Vapours        Pois/Air       0%         N/A       99%         2
 Searing Ray              Conj           0%         2d4       99%         2
 Static Discharge         Conj/Air       0%         N/A       99%         2
 Sublimation of Blood     Necr           0%         N/A       99%         2
 Wereblood                Tmut           0%         N/A       99%         2
 Conjure Flame            Conj/Fire      0%         6-21      100%        3
 Frozen Ramparts          Ice            0%         1d2       100%        3
 Inner Flame              Hex/Fire       0%         N/A       100%        3
 Mephitic Cloud           Conj/Pois/Air  0%         N/A       100%        3
 Stone Arrow              Conj/Erth      0%         3d7       100%        3
 Vampiric Draining        Necr           0%         2d6       100%        3
 Airstrike                Air            0%         N/A       100%        4
 Corpse Rot               Necr/Pois/Air  0%         N/A       100%        4
 Dispel Undead            Necr           0%         3d6       100%        4
 Flame Wave               Conj/Fire      0%         2d4       100%        4
 Fulminant Prism          Conj/Hex       0%         3d6       100%        4
 Hailstorm                Conj/Ice       0%         3d3       100%        4
 Passage of Golubria      Tloc           0%         N/A       100%        4
 Sticky Flame             Conj/Fire      0%         2d3       100%        4
 Agony                    Necr           0%         N/A       100%        5
 Blade Hands              Tmut           0%         N/A       100%        5
 Fireball                 Conj/Fire      0%         3d3       100%        5
 Irradiate                Conj/Tmut      0%         3d13      100%        5
 Lightning Bolt           Conj/Air       0%         1d11      100%        5
 Silence                  Hex/Air        0%         N/A       100%        5
 Starburst                Conj/Fire      0%         6d3       100%        6
 Dragon Form              Tmut           0%         N/A       100%        7
 Ignition                 Fire           0%         3d3       100%        8
 Lehudib's Crystal Spear  Conj/Erth      0%         10d2      100%        8
 Chain Lightning          Conj/Air       0%         N/A       100%        9
 Fire Storm               Conj/Fire      0%         5d1       100%        9
 Shatter                  Erth           0%         3d5*      100%        9
 Call Imp                 Summ           Unusable   N/A       N/A         2
 Animate Armour           Summ/Erth      Unusable   N/A       N/A         4
 Summon Lightning Spire   Summ/Air       Unusable   N/A       N/A         4
 Summon Hydra             Summ           Unusable   N/A       N/A         7

Dungeon Overview and Level Annotations

Branches:
Dungeon (15/15)            Temple (0/1) D:7            Lair (6/6) D:9
 Shoals (0/4) Lair:3        Snake (4/4) Lair:3        Slime (0/5) Lair:5
    Orc (2/2) D:11            Elf (0/3) Orc:2        Vaults (0/5) D:13
 Depths (0/4) D:15        Gauntlet (visited)

Altars:
Hepliaklqana
Makhleb
Okawaru
Ru
Trog
Vehumet
Zin
Jiyva

Shops:
D:6 *   D:8 (   D:10 ?   D:14 !   Orc:2 [:(!   Snake:1 =?:=::!   Snake:2 *

Portals:
Hell: Lair:6

Annotations:
Lair:4 exclusion: oklob plant


Innate Abilities, Weirdness & Mutations

You have sharp toenails.
Your flesh is cold resistant. (rC+)


Message History

You are more poisoned.
You resist.
The salamander tyrant gazes fiercely through you!
You feel as though you will be weak longer.
The salamander mystic gestures at the naga while chanting.
The naga seems to speed up.
The salamander shoots an arrow.
The arrow hits you but does no damage.
Press: ? - help, v - describe, . - travel
Here: a salamander tyrant (lightly wounded, fast, haloed)
The floor.
Unknown command.
Unknown command.
You feel very sick.
The salamander tyrant gazes fiercely through you!
You feel as though you will be weak longer.
You block the salamander tyrant's attack.
You sock the salamander tyrant!
The salamander tyrant is moderately wounded.
You feel very sick.
The salamander tyrant gazes fiercely through you!
You feel as though you will be weak longer.
You block the salamander tyrant's attack.
You block the nagaraja's attack.
You puncture the salamander tyrant!
The salamander tyrant is moderately wounded.
You feel very sick.
The salamander tyrant calls gouts of flame from the lava!
The flame surge hits you! You block the nagaraja's attack. x2
The salamander tyrant calls gouts of flame from the lava!
The flame surge hits you!
* * * LOW HITPOINT WARNING * * *
The salamander shoots an arrow.
The arrow hits you but does no damage.
Unknown command.
You can now deal lightning-fast blows.
You feel very sick.
The salamander mystic casts a spell at the salamander.
The salamander seems to speed up.
The salamander tyrant calls gouts of flame from the lava!
The flame surge hits you!!!
You die...

.####(.... ###..#(.....
#....#...... ###....#...)..
.......##..†.N## ###.))..# ..#'##
#### # ###)#'#####N..# #...
###.).#..≈§§#.NN## ##...
#...).#..§§≈##N.@## ##...#
......##..≈≈≈##.≈.### ###...##
.......##§§§.≈##....######...(##≈
........##..≈≈≈##...........)##§≈
.......#.##..≈≈≈##..........##§§≈
......##..##.)≈≈§###......###≈§§.
....####.####...§≈≈########≈≈≈..)
#.#......##.##..§≈≈§≈§≈§≈≈≈§§...#
#........##..##.)≈≈≈§≈≈≈§§§≈≈..##


You could see a nagaraja (fast), a salamander tyrant (fast), a salamander
mystic, a salamander (fast) and a naga (fast).

Vanquished Creatures
  Jorgrun (Orc:1)
  Rupert (D:15)
  The ghost of croobank the Warrior, a journeyman MiBe of Trog (Orc:1)
  A nagaraja (Snake:4)
  An orc warlord (Orc:1)
  Aizul (Snake:2)
  Nessos (Orc:2)
  The ghost of Xeinaf the Brawler, a journeyman TrAr of Nemelex Xobeh (Lair:3)
  Azrael (D:15)
  A minotaur (Gauntlet)
  Snorg (Orc:1)
  Josephine (D:14)
  2 ettins
  2 yaktaur captains (D:12)
  2 vault guards (D:13)
  Harold (D:10)
  4 salamander tyrants
  7 hydras
  8 boulder beetles
  4 ogre magi
  18 naga warriors
  11 anacondas
  3 centaur warriors
  13 two-headed ogres
  A tengu warrior (D:15)
  4 shock serpents
  8 naga sharpshooters
  Sonja (Lair:5)
  A fire crab (shapeshifter) (D:13)
  5 salamander mystics
  A sixfirhy (Lair:6)
  4 skeletal warriors (D:15)
  2 deep trolls
  A sea snake (Snake:3)
  3 naga ritualists
  Pikel (D:4)
  3 lindwurms (Snake:4)
  2 wizards
  2 orc knights
  7 ugly things
  3 deep elf pyromancers
  2 necromancers
  6 cyclopes
  2 orc sorcerers (Orc:1)
  A wolf spider (Lair:1)
  5 mana vipers
  3 manticores
  A shining eye (Gauntlet)
  14 salamanders
  5 guardian serpents
  22 black mambas
  18 naga magi
  A gargoyle (D:12)
  2 torpor snails (Lair:6)
  3 orange demons (Lair:6)
  12 cane toads
  2 smoke demons
  Maggie (D:7)
  A kobold demonologist (D:12)
  An unseen horror (shapeshifter) (D:15)
  Psyche (D:8)
  A hellion (Gauntlet)
  7 komodo dragons
  5 rime drakes
  2 efreet (D:14)
  2 polar bears
  2 ice devils (Lair:6)
  A yaktaur (D:12)
  A queen bee (Lair:6)
  12 trolls
  3 meliai (Lair:6)
  A tarantella (shapeshifter) (D:14)
  Grinder (D:5)
  10 dream sheep
  2 slime creatures (Lair:3)
  9 blink frogs
  A culicivora (shapeshifter) (D:15)
  3 vampires
  6 wyverns
  47 yaks
  3 fire elementals (D:15)
  5 wraiths
  9 humans (D:13)
  6 basilisks
  8 vampire mosquitoes
  3 steam dragons
  Menkaure (D:5)
  44 nagas
  2 acid dragons
  2 wargs (Orc:1)
  A floating eye (Gauntlet)
  17 water moccasins
  7 hell hounds
  Duvessa (D:7)
  A sky beast (D:6)
  15 orc warriors
  3 black bears
  A tengu (shapeshifter) (D:12)
  A boggart (D:12)
  5 centaurs
  21 ogres
  2 ice beasts (D:6)
  25 wolves
  2 phantoms
  4 kobold brigands
  7 bullfrogs
  Blork the orc (D:5)
  A necrophage (D:7)
  3 gnoll sergeants
  2 scorpions
  7 wights
  Dowan (D:7)
  23 killer bees (Lair:6)
  2 electric eels
  3 howler monkeys (D:10)
  2 hounds
  12 orc priests
  A gnoll shaman (D:4)
  7 jellies
  Terence (D:3)
  2 iguanas
  15 orc wizards
  A statue (D:10)
  24 gnolls
  4 adders
  2 shadow imps
  13 white imps
  A worm (D:3)
  2 dart slugs
  52 orcs
  5 ball pythons
  3 bats
  2 endoplasms
  2 giant cockroaches
  3 goblins
  6 hobgoblins
  7 jackals
  17 kobolds
  3 quokkas
  5 frilled lizards
  7 rats
793 creatures vanquished.

Vanquished Creatures (others)
  A vault guard (D:13)
  An orc priest (Orc:1)
  14 demonic plants (Gauntlet)
  20 fungi
  14 plants
50 creatures vanquished.

Grand Total: 843 creatures vanquished

Notes
Turn   | Place    | Note
-------+----------+-------------------------------------------
     0 | D:5      | blackman the Human Delver began the quest for the Orb.
     0 | D:5      | Reached XP level 1. HP: 18/18 MP: 1/1
    23 | D:4      | Noticed a lemure
   207 | D:3      | Noticed an orc priest
   301 | D:2      | Reached XP level 2. HP: 18/24 MP: 2/2
   705 | D:1      | Reached XP level 3. HP: 29/29 MP: 3/3
  1727 | D:2      | Reached XP level 4. HP: 35/35 MP: 4/4
  1774 | D:2      | Found a faded altar of an unknown god.
  1774 | D:2      | Noticed an orange demon
  1783 | D:2      | Prayed at the altar of an unknown god.
  1783 | D:2      | Became a worshipper of Warmaster Okawaru
  1783 | D:2      | Reached * piety under Okawaru
  2137 | D:3      | Noticed Terence
  2160 | D:3      | Killed Terence
  2645 | D:3      | Reached skill level 5 in Axes
  2645 | D:3      | Reached XP level 5. HP: 2/41 MP: 3/5
  3213 | D:4      | Noticed a lemure
  3220 | D:4      | Noticed Pikel
  3221 | D:4      | Noticed a lemure
  3223 | D:4      | Noticed a lemure
  3224 | D:4      | Killed Pikel
  3224 | D:4      | Reached ** piety under Okawaru
  3225 | D:4      | Reached XP level 6. HP: 43/47 MP: 6/6
  3225 | D:4      | Reached XP level 7. HP: 48/52 MP: 7/7
  3648 | D:4      | Reached XP level 8. HP: 42/58 MP: 8/8
  4104 | D:5      | Noticed Menkaure
  4124 | D:5      | Killed Menkaure
  4907 | D:5      | Reached *** piety under Okawaru
  4930 | D:5      | Noticed Grinder
  4938 | D:5      | Killed Grinder
  4939 | D:5      | Reached skill level 10 in Axes
  5345 | D:5      | Noticed Blork the orc
  5364 | D:5      | Killed Blork the orc
  5365 | D:5      | Reached XP level 9. HP: 34/63 MP: 9/9
  6355 | D:6      | Reached skill level 1 in Armour
  6786 | D:6      | Found Toigiciri's Assorted Antiques.
  6798 | D:6      | Bought a wand of iceblast (14) for 92 gold pieces
  7053 | D:6      | Reached **** piety under Okawaru
  7779 | D:6      | Reached skill level 5 in Fighting
  8662 | D:7      | Reached XP level 10. HP: 74/74 MP: 10/10
  8701 | D:7      | Noticed Maggie
  8715 | D:7      | Killed Maggie
  8716 | D:7      | Reached skill level 5 in Armour
  8909 | D:7      | Noticed Dowan
  8915 | D:7      | Noticed Duvessa
  8928 | D:7      | Killed Duvessa
  8941 | D:7      | Killed Dowan
  9340 | D:7      | Found a staircase to the Ecumenical Temple.
  9753 | D:8      | Found Kobb's Weapon Shop.
  9890 | D:8      | HP: 3/79 [orc warrior/+0 hand axe (13)]
 10187 | D:8      | Found a hazy altar of Hepliaklqana.
 10196 | D:8      | Noticed Psyche
 10201 | D:8      | Killed Psyche
 10418 | D:7      | Reached ***** piety under Okawaru
 12214 | D:8      | Reached XP level 11. HP: 19/87 MP: 11/11
 12813 | D:9      | Found a sacrificial altar of Ru.
 13153 | D:9      | Found a bloodstained altar of Trog.
 13175 | D:9      | Found a staircase to the Lair.
 13277 | D:10     | Entered Level 10 of the Dungeon
 13382 | D:10     | Noticed a cyclops
 13517 | D:10     | Found a radiant altar of Vehumet.
 13536 | D:10     | Found Decaj's Magic Scroll Boutique.
 13707 | D:10     | Found an iron altar of Okawaru.
 14016 | D:10     | Found a glowing silver altar of Zin.
 14031 | D:10     | Noticed Harold
 14055 | D:10     | Killed Harold
 14055 | D:10     | Identified the +4 battleaxe of the Howling Gods {vorpal,
                  | Fly} (Okawaru gifted it to you on level 10 of the Dungeon)
 14055 | D:10     | Received a gift from Okawaru
 14862 | D:11     | Noticed a boulder beetle
 14877 | D:11     | Killed a boulder beetle
 14910 | D:11     | Noticed a five-headed hydra
 14933 | D:11     | Killed a five-headed hydra
 15093 | D:11     | Noticed a cyclops
 15653 | D:11     | Noticed a cyclops
 15653 | D:11     | Noticed a cyclops
 15672 | D:11     | Noticed a four-headed hydra
 15676 | D:11     | Killed a cyclops
 15685 | D:11     | Killed a nine-headed hydra
 15686 | D:11     | Reached XP level 12. HP: 97/97 MP: 10/12
 15723 | D:11     | HP: 4/97 [manticore (4)]
 15725 | D:11     | Reached ****** piety under Okawaru
 16153 | D:11     | Received a gift from Okawaru
 16282 | D:11     | You are sucked into a shaft and drop 3 floors!
 16290 | D:14     | Found Namoaruq's Distillery.
 16498 | D:13     | Noticed a fire crab
 16507 | D:13     | Killed a fire crab
 16507 | D:13     | Received a gift from Okawaru
 16693 | D:13     | Noticed a boulder beetle
 16708 | D:12     | Found a gate leading to a gauntlet.
 16716 | Gauntlet | Entered a Gauntlet
 16716 | Gauntlet | Found a transporter.
 16716 | Gauntlet | Found a transporter.
 17083 | Gauntlet | Found a transporter.
 17098 | Gauntlet | Found a transporter.
 17112 | Gauntlet | Found a transporter.
 17125 | Gauntlet | Found a transporter.
 17137 | Gauntlet | Noticed a hell hog
 17142 | Gauntlet | Found a transporter.
 17208 | Gauntlet | Found a transporter.
 17223 | Gauntlet | Found a transporter.
 17241 | Gauntlet | Found a transporter.
 17250 | Gauntlet | Found a transporter.
 17268 | Gauntlet | Found a transporter.
 17337 | Gauntlet | Found a transporter.
 17347 | Gauntlet | Found a transporter.
 17383 | Gauntlet | Found a transporter.
 17393 | Gauntlet | Found a transporter.
 17418 | Gauntlet | Gained mutation: You are partially covered in iridescent
                  | scales. (AC +2) [a shining eye]
 17422 | Gauntlet | Gained mutation: You have hidden genetic defects. [a
                  | shining eye]
 17425 | Gauntlet | Reached skill level 1 in Invocations
 17482 | Gauntlet | Reached skill level 10 in Fighting
 17708 | Gauntlet | Received a gift from Okawaru
 17833 | Gauntlet | Noticed a minotaur
 17851 | Gauntlet | Killed a minotaur
 17854 | Gauntlet | Gained mutation: Your magical capacity is low. (-10% MP)
                  | [hidden defects]
 17925 | D:12     | Reached skill level 5 in Invocations
 17983 | D:12     | Noticed a two-headed ogre
 17990 | D:12     | Killed a two-headed ogre
 18038 | D:12     | Gained mutation: Your body sometimes deteriorates upon
                  | taking damage. [hidden defects]
 18038 | D:12     | Lost mutation: You have hidden genetic defects. [hidden
                  | defects expressed]
 18105 | D:12     | Lost mutation: Your magical capacity is low. (-10% MP)
                  | [potion of mutation]
 18105 | D:12     | Lost mutation: Your body sometimes deteriorates upon taking
                  | damage. [potion of mutation]
 18105 | D:12     | Lost mutation: You are partially covered in iridescent
                  | scales. (AC +2) [potion of mutation]
 18105 | D:12     | Gained mutation: You have sharp toenails. [potion of
                  | mutation]
 18105 | D:12     | Gained mutation: Your flesh is cold resistant. (rC+)
                  | [potion of mutation]
 18159 | D:12     | Noticed a boulder beetle
 18187 | D:12     | Killed a boulder beetle
 18320 | D:12     | Reached XP level 13. HP: 71/105 MP: 16/18
 18912 | D:12     | Noticed a yaktaur captain
 18913 | D:12     | Noticed a yaktaur captain
 18938 | D:12     | Killed a yaktaur captain
 18946 | D:12     | Killed a yaktaur captain
 19157 | D:12     | Found the +10 morningstar "Eos" {elec, Halo rElec}
 19254 | D:12     | Reached skill level 1 in Maces & Flails
 19462 | D:11     | Found a staircase to the Orcish Mines.
 19528 | D:11     | Reached skill level 1 in Shields
 19788 | D:12     | Noticed a boulder beetle
 19795 | D:12     | Killed a boulder beetle
 19796 | D:12     | Reached skill level 2 in Shields
 20175 | D:12     | Killed a boulder beetle
 20176 | D:12     | Reached skill level 3 in Shields
 20179 | D:12     | Received a gift from Okawaru
 20779 | D:13     | Noticed a five-headed hydra
 20784 | D:13     | Killed a five-headed hydra
 20847 | D:13     | Reached skill level 4 in Shields
 20853 | D:13     | Killed a vault guard
 20861 | D:13     | Noticed a four-headed hydra
 20868 | D:13     | Noticed a centaur warrior
 21114 | D:13     | Killed a centaur warrior
 21115 | D:13     | Killed a four-headed hydra
 21164 | D:13     | Reached skill level 5 in Maces & Flails
 21542 | D:13     | Reached skill level 5 in Shields
 21549 | D:13     | Noticed a boulder beetle
 21564 | D:13     | Killed a boulder beetle
 21564 | D:13     | Identified the +12 plate armour "Jaumun" {rN+} (Okawaru
                  | gifted it to you on level 13 of the Dungeon)
 21564 | D:13     | Received a gift from Okawaru
 21670 | D:13     | Noticed a vault guard
 21670 | D:13     | Noticed a vault guard
 21687 | D:13     | Killed a vault guard
 21698 | D:13     | Killed a vault guard
 21724 | D:13     | Reached skill level 6 in Shields
 21792 | D:13     | Found a gate to the Vaults.
 22019 | D:14     | Noticed Josephine
 22032 | D:14     | Killed Josephine
 22033 | D:14     | Reached XP level 14. HP: 101/113 MP: 18/20
 22428 | D:14     | Reached skill level 7 in Shields
 22649 | D:15     | Entered Level 15 of the Dungeon
 22900 | D:15     | Reached skill level 5 in Dodging
 23007 | D:15     | Found a portal to a secret trove of treasure.
 23025 | D:14     | Reached skill level 8 in Shields
 23262 | D:15     | Noticed Azrael
 23277 | D:15     | Killed Azrael
 23703 | D:15     | Received a gift from Okawaru
 24011 | D:15     | Found a staircase to the Depths.
 24270 | D:15     | Reached skill level 9 in Shields
 24669 | D:15     | Noticed Rupert
 24689 | D:15     | Killed Rupert
 25290 | D:10     | Bought a scroll of teleportation for 39 gold pieces
 25290 | D:10     | Bought 3 scrolls of teleportation for 117 gold pieces
 25319 | Lair:1   | Entered Level 1 of the Lair of Beasts
 25499 | Lair:1   | Identified the +7 ring mail of the Game of Life {-Tele +Inv
                  | rN+ Dex+6} (Okawaru gifted it to you on level 1 of the Lair
                  | of Beasts)
 25499 | Lair:1   | Received a gift from Okawaru
 25952 | Lair:1   | Reached skill level 10 in Shields
 25952 | Lair:1   | Reached XP level 15. HP: 106/118 MP: 19/21
 26571 | Lair:2   | Reached skill level 1 in Throwing
 27167 | Lair:3   | Found a staircase to the Shoals.
 27326 | Lair:3   | Found a runed translucent gate.
 27326 | Lair:3   | Found a runed translucent gate.
 27326 | Lair:3   | Found a runed translucent gate.
 27326 | Lair:3   | Found a viscous altar of Jiyva.
 27326 | Lair:3   | Noticed Xeinaf's ghost (journeyman TrAr)
 27343 | Lair:3   | Killed Xeinaf's ghost
 27358 | Lair:3   | Identified the +7 scimitar of Mourning {vorpal, rN++ Int-5}
 27360 | Lair:3   | Identified the ring of Tocaiq {EV+4 Int+2}
 27517 | Lair:3   | Found a staircase to the Snake Pit.
 28094 | Lair:4   | You are sucked into a shaft and drop 2 floors!
 28094 | Lair:6   | Entered Level 6 of the Lair of Beasts
 28613 | Lair:5   | Found a viscous altar of Jiyva.
 28614 | Lair:5   | Found a staircase to the Slime Pits.
 28962 | Lair:3   | Reached skill level 5 in Throwing
 29999 | Lair:5   | Noticed Sonja
 30005 | Lair:5   | Killed Sonja
 30310 | Lair:6   | Received a gift from Okawaru
 31363 | Lair:6   | Reached XP level 16. HP: 125/125 MP: 22/22
 31504 | Lair:6   | Found a burning altar of Makhleb.
 31723 | Lair:6   | Found a gateway to Hell.
 31730 | Lair:6   | Identified the +1 scale mail of Daffodils {Contam rElec
                  | rPois rN+++}
 31975 | Orc:1    | Entered Level 1 of the Orcish Mines
 32128 | Orc:1    | Noticed Snorg
 32147 | Orc:1    | Killed Snorg
 32148 | Orc:1    | Reached skill level 10 in Throwing
 32323 | Orc:1    | Received a gift from Okawaru
 32692 | Orc:1    | Noticed Jorgrun
 32704 | Orc:1    | Killed Jorgrun
 32770 | Orc:1    | Found a runed translucent door.
 32785 | Orc:1    | Noticed croobank's ghost (journeyman MiBe)
 32819 | Orc:1    | Killed croobank's ghost
 33358 | Orc:2    | Entered Level 2 of the Orcish Mines
 33411 | Orc:2    | Noticed Nessos
 33425 | Orc:2    | Killed Nessos
 33735 | Orc:1    | Paralysed by an ogre mage for 3 turns
 35302 | Orc:2    | Paralysed by an ogre mage for 2 turns
 35615 | Orc:2    | Found Kikoligg's Distillery.
 35615 | Orc:2    | Found Tufu Oti's Book Emporium.
 35615 | Orc:2    | Found Cakieq's Antique Weapon Emporium.
 35615 | Orc:2    | Found Noin's Antique Armour Boutique.
 35777 | Orc:2    | Found a staircase to the Elven Halls.
 35782 | Orc:2    | Received a gift from Okawaru
 36098 | Snake:1  | Entered Level 1 of the Snake Pit
 36102 | Snake:1  | Found Todol's Magic Scroll Emporium.
 36110 | Snake:1  | Found Titemn's Jewellery Shoppe.
 36113 | Snake:1  | Found a flickering gateway to a bazaar.
 36122 | Bazaar   | Entered a bazaar
 36122 | Bazaar   | Found Itzyawn's Book Boutique.
 36147 | Bazaar   | Found Fainwaon's Magic Scroll Shop.
 36158 | Bazaar   | Bought a scroll of teleportation for 30 gold pieces
 36158 | Bazaar   | Bought a scroll of enchant armour for 75 gold pieces
 36168 | Bazaar   | Found Raosub's Assorted Antiques.
 36188 | Bazaar   | Found Ickashre's General Store.
 36231 | Bazaar   | Bought a scroll of fear for 35 gold pieces
 36231 | Bazaar   | Bought a scroll of identify for 20 gold pieces
 36231 | Bazaar   | Bought a scroll of identify for 20 gold pieces
 36256 | Bazaar   | Bought a potion of heal wounds for 120 gold pieces
 36276 | Bazaar   | Bought a phial of floods for 960 gold pieces
 36362 | Snake:1  | Bought 2 scrolls of teleportation for 114 gold pieces
 36549 | D:15     | You paid a toll of 14 scrolls of teleportation to enter a
                  | treasure trove
 36550 | Trove    | Entered a treasure trove
 36552 | Trove    | Found the +1 robe of Vines {NoPotionHeal Regen++++}
 36554 | Trove    | Identified the +0 pair of boots "Iliskamo" {Int+7 Dex+2}
 36555 | Trove    | Identified the +0 buckler of Depression {*Corrode Dex+5
                  | Slay+3}
 36556 | Trove    | Identified the +0 crystal plate armour of the Rose {Str+2}
 36558 | Trove    | Identified the +1 plate armour of Faajuad {MP+9 Dex+4}
 36559 | Trove    | Identified the +1 helmet "Lanlaosti" {Will+ Slay+5}
 36560 | Trove    | Identified the +0 tower shield of Dim Light {Drain rPois
                  | Str+6 Int+6}
 36575 | Trove    | Identified the +0 helmet of Yredelemnul's Favour {+Blink
                  | rC+ Slay+2}
 36579 | Trove    | Identified the +2 pair of gloves "Hielam" {Dex+3}
 36867 | Snake:1  | Found Mater's Book Shop.
 37275 | Snake:1  | Found Digg's Distillery.
 37406 | Snake:1  | Found Byufoeg's Book Boutique.
 37407 | Snake:1  | Found Hiwogy's Jewellery Emporium.
 37408 | Snake:1  | Found Isamuski's Book Boutique.
 37863 | Snake:2  | Reached skill level 11 in Shields
 37937 | Snake:2  | Found Isapal's Assorted Antiques.
 38170 | Snake:2  | Noticed Aizul
 38177 | Snake:2  | Killed Aizul
 38178 | Snake:2  | Reached XP level 17. HP: 111/131 MP: 23/23
 38789 | Snake:3  | Received a gift from Okawaru
 38797 | Snake:3  | Reached skill level 12 in Shields
 39009 | Snake:3  | Received a gift from Okawaru
 39057 | Snake:3  | Reached skill level 13 in Shields
 39194 | Snake:3  | Received a gift from Okawaru
 40120 | Snake:4  | Entered Level 4 of the Snake Pit
 40275 | Snake:4  | Reached skill level 14 in Shields
 40356 | Snake:4  | Received a gift from Okawaru
 40628 | Snake:4  | Received a gift from Okawaru
 40698 | Snake:4  | Identified the +2 demon whip "Ymaes" {drain, rC++} (Okawaru
                  | gifted it to you on level 4 of the Snake Pit)
 40698 | Snake:4  | Received a gift from Okawaru
 41251 | Snake:4  | Identified the +4 spear of True Grit {freeze, Will+ rCorr
                  | Str-4}
 41329 | Snake:4  | Reached skill level 15 in Shields
 41473 | Snake:4  | Reached XP level 18. HP: 137/138 MP: 21/25
 42076 | Snake:4  | Reached skill level 10 in Invocations
 42239 | Snake:4  | Received a gift from Okawaru
 42270 | Snake:4  | Killed from afar by a salamander tyrant

Illustrated notes

Levels and vault maps discovered:
D:1:      tarquinn_simple_flora_water_f, layout_rooms
D:2:      layout_loops_corners, dreamdust_ecumenical_altar_sealed_demon,
          corexii_corridor_pit, chequers_serial_rivers_small_a
D:3:      layout_loops_ring, small_statue_intersection, uniq_terence
D:4:      layout_cave_pools, kennysheep_boxes, uniq_pikel
D:5:      layout_layer_cave, enter_ossuary_2, hangedman_abyss_or_decor_slice,
          uniq_blork_the_orc, uniq_grinder, uniq_menkaure
D:6:      layout_gridville, serial_shops,
          nicolae_shop_temple_entry_statues_fountains, kennysheep_windowed_goal
D:7:      layout_loops_ring, minmay_temple_entry_proselytizer, uniq_duvessa,
          uniq_maggie
D:8:      layout_gridville, mainiacjoe_overflow_chevrons, serial_glass,
          glass_columns_a, glass_columns_c, serial_shops, kennysheep_little_box,
          uniq_psyche
D:9:      layout_gridville, lemuel_tele_altar, kennysheep_mini_moat,
          lair_entry_dummy, chequers_serial_rivers_micro_e
D:10:     layout_grid_maze, okawaru_ov_weapons_minmay,
          mainiacjoe_overflow_alcove_4, vehumet_statue, serial_shops, shop,
          uniq_harold
D:11:     layout_basic, erik_orc_2, portal_ice_cave_entry_imps, minmay_between
D:12:     minmay_strange_plus, layout_basic, gauntlet_entry_generic,
          serial_rivers, chequers_serial_rivers_micro_a,
          chequers_serial_rivers_room_a, chequers_serial_rivers_micro_e,
          chequers_serial_rivers_room_b, chequers_serial_rivers_small_b,
          chequers_serial_rivers_micro_a
D:13:     layout_cave_pools, ximxim_vaults_locker_room
D:14:     layout_long_grid, serial_shops, nicolae_shop_waterfront,
          nicolae_elevator_lobby_asterisk, serial_glass, glass_columns_a,
          glass_columns_c, uniq_josephine
D:15:     hangedman_depths_entry_civil_slaughter, layout_loops_ring,
          chequers_jeans, enter_trove_1, uniq_rupert, uniq_azrael
Lair:1:   layout_misc_corridors, nicolae_lair_run_with_the_wolves,
          grunt_megastairs_4
Lair:2:   layout_loops_ring
Lair:3:   layout_gridlike, shoals_dummy_entry,
          minmay_snake_entry_guardpost_medium, gammafunk_ghost_ooze,
          lemuel_fruit_tree, lemuel_fruit_fields
Lair:4:   layout_loops_ring, lightli_volcano_entry_magma_tube,
          lemuel_oklob_altar
Lair:5:   layout_regular_city, slime_altar_1, uniq_sonja
Lair:6:   evil_forest, layout_cave_shapes, special_room [special_room_bee],
          grunt_megastairs_5, lemuel_fruit_fields
Snake:1:  layout_misc_corridors, serial_shops, bzr_entry_water,
          nicolae_shop_crystal, nicolae_shop_crystal, shop, nicolae_shop_trees,
          minmay_shop_grove
Snake:2:  layout_grid_maze, serial_shops, nicolae_shop_hallway_plus,
          grunt_ministairs_4, uniq_aizul
Snake:3:  nicolae_snake_crotalidae_crossing, layout_rooms,
          nicolae_snake_springs, serial_bayou_shore_b
Snake:4:  snake_pit_salamanders_mu, layout_chambers, nicolae_fountain_basement
Orc:1:    layout_caves, ebering_ghost_reflecting_pool, nicolae_orc_pool_cavern,
          uniq_snorg, uniq_jorgrun
Orc:2:    st_orc_ogre_mass, layout_caves, uniq_nessos

Skill      XL: |  1  2  3  4  5  6  7  8  9 10 11 12 13 14 15 16 17 18 |
---------------+-------------------------------------------------------+-----
Axes           | 3 4 5 7 8 10 11 12 14 | 14.1
Armour         | 4 7 9 |  9.2
Fighting       | 5 8 9 10 11 | 11.1
Invocations    | 6 8 9 10 | 10.3
Maces & Flails | 6 9 |  9.0
Shields        | 6 10 11 15 | 15.8
Dodging        | 8 |  8.0
Throwing       | 8 12 | 12.9
Stealth        | |  5.0

Action                   |  1- 3 |  4- 6 |  7- 9 | 10-12 | 13-15 | 16-18 || total
-------------------------+-------+-------+-------+-------+-------+-------++-------
Melee: Hand axe          |    82 |    57 |    77 |       |       |       ||   216
       Punch             |       |     1 |     3 |     9 |       |       ||    13
       War axe           |       |       |   240 |   311 |       |       ||   551
       Battleaxe         |       |       |       |   167 |    28 |       ||   195
       Morningstar       |       |       |       |       |   905 |   669 ||  1574
Throw: Dart              |       |     1 |     6 |    21 |    10 |    10 ||    48
       Boomerang         |       |       |       |    11 |       |    80 ||    91
       Throwing net      |       |       |       |     3 |     1 |       ||     4
       Javelin           |       |       |       |     3 |    10 |    58 ||    71
Invok: Heroism           |       |     1 |     1 |    11 |    10 |    10 ||    33
       Finesse           |       |       |       |       |     1 |     2 ||     3
Evoke: Wand              |     2 |     4 |    21 |    40 |     6 |     5 ||    78
       Tin of tremorston |       |       |       |       |       |     2 ||     2
  Use: Scroll            |     1 |     4 |     1 |    14 |    10 |     5 ||    35
       Potion            |       |       |     2 |     9 |     6 |       ||    17
 Stab: Sleeping          |     7 |     2 |       |       |       |       ||     9
       Paralysed         |       |       |       |    11 |       |       ||    11
       Held in net/web   |       |       |       |     2 |       |       ||     2
Armor: Leather armour    |    15 |     6 |       |     1 |       |       ||    22
       Chain mail        |       |     7 |   171 |   235 |   103 |       ||   516
       Acid dragon scale |       |       |       |    11 |       |       ||    11
       Plate armour      |       |       |       |       |   363 |   248 ||   611
       Skin              |       |       |       |       |    95 |       ||    95
Dodge: Dodged            |    55 |    26 |   101 |   183 |   307 |   264 ||   936
Block: Other             |       |       |       |     7 |    10 |       ||    17
       Kite shield       |       |       |       |       |   906 |   307 ||  1213
       Reflection        |       |       |       |       |    23 |    93 ||   116
       Tower shield      |       |       |       |       |       |   557 ||   557

Table legend: (Time is in decaauts)
 A = Elapsed time spent in this place.
 B = Non-inter-level travel time spent in this place.
 C = Inter-level travel time spent in this place.
 D = Time resting spent in this place.
 E = Time spent auto-exploring this place.
 F = Levels seen in this place.
 G = Mean time per level.
                   A        B        C        D        E       F      G
               +--------+--------+--------+--------+--------+-----+--------+
         Total |  42280 |  40340 |   1940 |   9048 |  24414 |  30 | 1409.3 |
       Dungeon |  24507 |  23227 |   1280 |   5759 |  13776 |  15 | 1633.8 |
          Lair |   6769 |   6267 |    502 |    313 |   4829 |   6 | 1128.2 |
     Snake Pit |   5522 |   5438 |     84 |    995 |   3517 |   4 | 1380.5 |
  Orcish Mines |   3976 |   3904 |     72 |   1464 |   1892 |   2 | 1988.0 |
        Bazaar |    191 |    191 |      0 |      0 |     70 |   1 |  191.0 |
         Trove |    121 |    121 |      0 |      0 |      0 |   1 |  121.0 |
      Gauntlet |   1190 |   1190 |      0 |    517 |    330 |   1 | 1190.0 |
               +--------+--------+--------+--------+--------+-----+--------+

Top non-repeatable levels by time:
   Orc:1: 3158 daAuts
    D:12: 2577 daAuts
     D:7: 2483 daAuts
     D:5: 2204 daAuts
    D:15: 2164 daAuts
 Snake:4: 2153 daAuts
     D:8: 2079 daAuts
    D:10: 1912 daAuts
    D:11: 1843 daAuts
  Lair:6: 1726 daAuts
     D:6: 1566 daAuts
    D:14: 1527 daAuts
     D:3: 1499 daAuts
 Snake:3: 1385 daAuts
 Snake:2: 1251 daAuts
